 Dungeon Crawl Stone Soup version 0.26.1-2-gb8aa6d0cf2 (webtiles) character file.

Game seed: 1217910273468020231

87 Allula97 the Twirler (level 4, -4/34 HPs)
             Began as a Demonspawn Gladiator on Feb 26, 2021.
             Killed from afar by Natasha (9 damage)
             ... with a magic dart
             ... on level 2 of the Dungeon.
             The game lasted 00:04:54 (1207 turns).

Allula97 the Twirler (Demonspawn Gladiator)         Turns: 1207, Time: 00:04:55

Health: -4/34      AC:  5    Str: 14    XL:     4   Next: 28%
Magic:  5/5        EV: 12    Int: 11    God:
Gold:   59         SH:  0    Dex: 14    Spells: 5/5 levels left

rFire    . . .     SeeInvis .   a - +0 quarterstaff
rCold    . . .     Faith    .   (shield currently unavailable)
rNeg     . . .     Spirit   .   e - +0 ring mail
rPois    .         Reflect  .   (helmet restricted)
rElec    .         Harm     .   (no cloak)
rCorr    .         Rampage  .   (no gloves)
Will     .....                  (no boots)
Stlth    +.........             (no amulet)
HPRegen  0.11/turn              (no ring)
MPRegen  0.09/turn              (no ring)

@: mighty
A: antennae 1, sturdy frame 1
a: no special abilities


You were on level 2 of the Dungeon.
You visited 1 branch of the dungeon, and saw 2 of its levels.

You collected 59 gold pieces.

Inventory:

Hand Weapons
 a - a +0 quarterstaff (weapon)
 i - a cursed -3 hunting sling
Armour
 b - a +0 leather armour
 c - a +0 helmet
 e - a +0 ring mail (worn)
Scrolls
 m - a scroll of amnesia {unknown}
Potions
 f - a potion of heal wounds {unknown}
 g - 4 potions of flight
 h - 2 potions of ambrosia
 j - a potion of magic {unknown}
 l - a potion of curing {unknown}


   Skills:
 * Level 2.3 Fighting
 * Level 3.7 Staves
 - Level 1.7 Throwing
 * Level 0.8 Armour
 * Level 3.1 Dodging
 + Level 0.2 Stealth
 * Level 1.0 Spellcasting


You had 5 spell levels left.
You didn't know any spells.
Your spell library was empty.

Dungeon Overview and Level Annotations

Branches:
Dungeon (2/15)

Altars:

Annotations:
D:2 Natasha


Innate Abilities, Weirdness & Mutations

You have a pair of small antennae on your head.
Your movements are slightly less encumbered by armour. (ER -2)


Message History

You miss something. Something claws you.
* * * LOW HITPOINT WARNING * * *
Something claws you but does no damage.
Okay, then.
Okay, then.
It was a potion of might.
You feel very mighty all of a sudden. Something claws you.
* * * LOW HITPOINT WARNING * * *
Okay, then.
You closely miss something. Something claws you.
* * * LOW HITPOINT WARNING * * *
You miss something. Something completely misses you.
You miss something. Something claws you.
* * * LOW HITPOINT WARNING * * *
You miss something.
You hear some strange, mumbled words.
A magic dart appears from out of thin air!
The magic dart hits you!
You die...

# .# #.#. .# # #.#.######.##
#.#.#...........##.
..#.#..............
................#
................#
...........@{...# #.#
...............# #.#>#
##...........# #.#.#
#########......###########.#.#
#..............#####.).....#.#
#.#######>..............#....#
#............................#
#########............†((.....#
#...............#))..#


There were no monsters in sight!

Vanquished Creatures
  Natasha (D:2)
  3 gnolls (D:2)
  A worm (D:2)
  A dart slug (D:2)
  A giant cockroach (D:1)
  3 goblins (D:1)
  5 hobgoblins (D:1)
  4 jackals (D:1)
  4 bats
  A frilled lizard (D:2)
  3 kobolds
  4 rats (D:1)
31 creatures vanquished.

Notes
Turn   | Place    | Note
-------+----------+-------------------------------------------
     0 | D:1      | Allula97 the Demonspawn Gladiator began the quest for the
                  | Orb.
     0 | D:1      | Reached XP level 1. HP: 16/16 MP: 1/1
   324 | D:1      | Gained mutation: Your movements are slightly less
                  | encumbered by armour. (ER -2) [demonic ancestry]
   324 | D:1      | Reached XP level 2. HP: 21/22 MP: 2/2
   959 | D:2      | Noticed Natasha
   965 | D:2      | Killed Natasha
   966 | D:2      | Gained mutation: You have a pair of small antennae on your
                  | head. [demonic ancestry]
   966 | D:2      | Reached XP level 3. HP: 22/27 MP: 2/4
  1058 | D:2      | Reached XP level 4. HP: 26/33 MP: 5/5
  1070 | D:2      | Reached skill level 1 in Spellcasting
  1191 | D:2      | Noticed Natasha
  1207 | D:2      | Killed from afar by Natasha

Illustrated notes

Levels and vault maps discovered:
D:1:      lemuel_arrival_cross, layout_loops_corners, minmay_indecisive_spiral
D:2:      layout_basic, minitemple, uniq_natasha

Skill      XL: |  1  2  3  4 |
---------------+-------------+-----
Staves         | 3 |  3.7
Dodging        | 3 |  3.1
Spellcasting   | 1 |  1.0
Fighting       | |  2.3
Throwing       | |  1.7
Armour         | |  0.8
Stealth        | |  0.2

Action                   |  1- 3 |  4- 6 || total
-------------------------+-------+-------++-------
Melee: Quarterstaff      |    74 |    18 ||    92
Throw: Throwing net      |     2 |     1 ||     3
  Use: Scroll            |     2 |       ||     2
       Potion            |       |     1 ||     1
 Stab: Held in net/web   |     1 |     1 ||     2
Armor: Ring mail         |    30 |     6 ||    36
       Leather armour    |     1 |       ||     1
Dodge: Dodged            |    39 |     4 ||    43
